 Dungeon Crawl Stone Soup version 0.20-a0-9-g62d82d9 (webtiles) character file.

116 varam the Bolt Thrower (level 5, -1/30 HPs)
             Began as a Kobold Hunter on Nov 1, 2016.
             Was an Initiate of Okawaru.
             Killed from afar by an orc wizard (9 damage)
             ... with a magic dart
             ... on level 3 of the Dungeon.
             The game lasted 00:03:47 (2120 turns).

varam the Bolt Thrower (Kobold Hunter)              Turns: 2120, Time: 00:03:49

Health: -1/30      AC:  4    Str: 10    XL:     5   Next: 20%
Magic:  5/5        EV: 14    Int: 13    God:    Okawaru [......]
Gold:   108        SH:  5    Dex: 15    Spells: 0 memorised, 4 levels left

rFire  . . .     SeeInvis .     w - +0 short sword
rCold  . . .     Gourm    .     c - +0 leather armour
rNeg   . . .     Faith    .     q - +0 buckler
rPois  .         Spirit   .     (no helmet)
rElec  .         Reflect  .     (no cloak)
rCorr  .         Harm     .     (no gloves)
MR     .....                    o - +0 pair of boots
Stlth  +++.......               (no amulet)
                                (no ring)
                                (no ring)

@: lethally poisoned (-1 -> -4)
A: carnivore 3
a: Renounce Religion


You were on level 3 of the Dungeon.
You worshipped Okawaru.
Okawaru was noncommittal.
You were completely stuffed.

You visited 1 branch of the dungeon, and saw 3 of its levels.

You collected 108 gold pieces.

Inventory:

Hand Weapons
 a - a +1 hand crossbow
 w - a +0 short sword (weapon)
Missiles
 d - 10 bolts
Armour
 c - a +0 leather armour (worn)
 o - a +0 pair of boots (worn)
 q - a +0 buckler (worn)
Scrolls
 e - 2 scrolls of identify {unknown}
 g - 3 scrolls of remove curse {unknown}
 j - a scroll of fog {unknown}
 l - a scroll of amnesia {unknown}
 m - a scroll of fear {unknown}
 n - 2 scrolls of random uselessness {unknown}
 r - 2 scrolls of teleportation {unknown}
Potions
 h - a potion of agility {unknown}
 k - a potion of haste
 p - a potion of flight {unknown}
 t - a potion of might {unknown}
 u - a potion of mutation {unknown}
Comestibles
 b - 7 chunks of flesh
 f - 2 meat rations
 i - 4 beef jerkies


   Skills:
 - Level 2.1 Fighting
 + Level 6.0 Crossbows
 - Level 2.4 Dodging
 + Level 4.3 Stealth
 + Level 1.1 Shields


You had 4 spell levels left.
You didn't know any spells.

Dungeon Overview and Level Annotations

Branches:
Dungeon (3/15)

Altars:
Dithmenos
Okawaru
Uskayaw
The Shining One


Innate Abilities, Weirdness & Mutations

You are small and have problems with some larger weapons.
You are carnivorous and can eat meat at any time.


Message History

The puff of flame hits you!
You hit the orc.
You kill the orc!
Okawaru accepts your kill.
You closely miss the orc.
The orc is severely wounded.
The orc hits you with a falchion of venom.
You are poisoned.
Something hits you but does no damage.
You hit the orc but do no damage.
The orc is severely wounded.
You feel sick. The orc barely misses you.
You are too injured to fight recklessly!
You barely miss the orc.
The orc is severely wounded.
You feel sick.
You hear some strange, mumbled words.
A magic dart appears from out of thin air!
The magic dart hits you!
You die...

.............# #
.............#####.#
...................#
......##.##.....#######
.........#..#.#.......#
.....##..#.##....#..#
.....+...#.####.....#
.....###.#........###.#
.........######.@†....#
#+###.##########o##.###
#...............#
#####..#..!.....#
#........# #..........
#..........)#
#.......###.# ........#
.#


You could see an orc.

Vanquished Creatures
  A worker ant (D:2)
  A gnoll (D:1)
  2 adders
  An ooze (D:1)
  A worm (D:3)
  A dart slug (D:1)
  3 leopard geckos (D:2)
  7 orcs (D:3)
  A giant cockroach (D:1)
  5 goblins
  5 hobgoblins
  3 kobolds
  A quokka (D:2)
  9 bats
  3 frilled lizards
  3 rats
47 creatures vanquished.

Vanquished Creatures (others)
  A kobold (D:3)
1 creature vanquished.

Grand Total: 48 creatures vanquished

Notes
Turn   | Place    | Note
-------+----------+-------------------------------------------
     0 | D:1      | varam the Kobold Hunter began the quest for the Orb.
     0 | D:1      | Reached XP level 1. HP: 12/12 MP: 1/1
   236 | D:1      | Reached skill level 5 in Crossbows
   345 | D:1      | Reached skill level 2 in Stealth
   345 | D:1      | Reached XP level 2. HP: 17/17 MP: 2/2
   613 | D:1      | Reached XP level 3. HP: 21/21 MP: 3/3
   688 | D:1      | Reached skill level 3 in Stealth
   895 | D:2      | Found an iron altar of Okawaru.
   901 | D:2      | Became a worshipper of Warmaster Okawaru
  1375 | D:2      | Reached XP level 4. HP: 26/26 MP: 4/4
  1682 | D:2      | Reached skill level 4 in Stealth
  1853 | D:3      | Found a shadowy altar of Dithmenos.
  1910 | D:3      | Found a hide-covered altar of Uskayaw.
  1916 | D:3      | Reached skill level 1 in Shields
  1916 | D:3      | Reached XP level 5. HP: 30/30 MP: 5/5
  1936 | D:3      | Found a glowing golden altar of the Shining One.
  2032 | D:3      | Reached skill level 6 in Crossbows
  2120 | D:3      | Killed from afar by an orc wizard

Vault maps used:
D:1:      dpeg_arrival_circle_labyrinth_c
D:2:      okawaru_metal_pillars_1_2
D:3:      lemuel_upstairs_altar, nicolae_qazlal_eye_of_the_storm,
          eat_drink_and_be_merry_uskayaw, lemuel_crystal_altar,
          nicolae_overflow_crystal_walls

Skill      XL: |  1  2  3  4  5 |
---------------+----------------+-----
Crossbows      | 5 6 |  6.0
Stealth        | 2 3 4 |  4.3
Shields        | 1 |  1.1
Fighting       | |  2.1
Dodging        | |  2.4

Action                   |  1- 3 |  4- 6 || total
-------------------------+-------+-------++-------
Melee: Short sword       |     7 |    39 ||    46
 Fire: Hand crossbow     |    64 |    30 ||    94
 Stab: Sleeping          |       |     3 ||     3
  Eat: Chunk             |    10 |     2 ||    12
Armor: Leather armour    |     9 |     9 ||    18
Dodge: Dodged            |    27 |    41 ||    68
Block: Buckler           |     1 |    12 ||    13
